 Dungeon Crawl Stone Soup version 0.28.0-43-g3370ac3207 (webtiles) character file.

Game seed: 15240700501854727509

58 crimpus the Skirmisher (level 4, -2/45 HPs)
             Began as a Gargoyle Berserker on Mar 14, 2022.
             Was a Believer of Trog.
             Slain by Sigmund
             ... wielding a +5 scythe of venom
              (7 damage)
             ... on level 2 of the Dungeon.
             The game lasted 00:02:05 (1410 turns).

crimpus the Skirmisher (Gargoyle Berserker)         Turns: 1410, Time: 00:02:06

Health: -2/45      AC:  5    Str: 22    XL:     4   Next: 1%
Magic:  4/4        EV: 11    Int:  8    God:    Trog [**....]
Gold:   56         SH:  0    Dex:  9    Spells: 3/3 levels left

rFire   . . .      SeeInvis .   a - +0 mace
rCold   . . .      Faith    .   (no shield)
rNeg    + . .      Spirit   .   b - +0 animal skin
rPois   ∞          Reflect  .   (no helmet)
rElec   +          Harm     .   (no cloak)
rCorr   .          Rampage  .   (no gloves)
Will    .....                   (no boots)
Stlth   ..........              (no amulet)
HPRegen 0.15/turn               (no ring)
MPRegen 0.09/turn               (no ring)

@: berserking (expiring), very quick
A: sickness immunity, AC +3, negative energy resistance 1, electricity
resistance, torment resistance 1, petrification resistance
a: Renounce Religion, Berserk, Trog's Hand


You were on level 2 of the Dungeon.
You worshipped Trog.
Trog was pleased with you.
You visited 1 branch of the dungeon, and saw 2 of its levels.

You collected 56 gold pieces.

Inventory:

Hand Weapons
 a - a +0 mace (weapon)
Armour
 b - a +0 animal skin (worn)
Potions
 c - a potion of curing


   Skills:
 + Level 4.5 Fighting
 - Level 3.6 Maces & Flails
 + Level 2.6 Armour
 - Level 1.5 Dodging


You had 3 spell levels left.
You didn't know any spells.
Your spell library was empty.

Dungeon Overview and Level Annotations

Branches:
Dungeon (2/15)

Altars:

Annotations:
D:2 Sigmund


Innate Abilities, Weirdness & Mutations

You are immune to sickness and miasma.
Your stone body is resilient. (AC +3)
You are immune to poison.
You resist negative energy. (rN+)
You are resistant to electric shocks. (rElec)
You are resistant to unholy torment.
You are immune to petrification.


Message History

Sigmund hits you from afar with a +5 scythe of venom!
The goblin hits you with a +0 club.
* * * LOW HITPOINT WARNING * * *
Unknown command.
Your skin crawls.
You feel strong-willed.
You feel yourself speed up. The goblin barely misses you.
Sigmund closely misses you.
It was a potion of flight.
You feel very buoyant.
You fly up into the air.
You feel the effects of Trog's Hand fading.
The goblin barely misses you.
It was a potion of cancellation.
Your magical effects are unravelling.
You feel magically purged.
You float gracefully downwards.
Sigmund closely misses you. The goblin hits you but does no damage.
Items here: )) ††.
Your skin stops crawling.
You feel less strong-willed.
Sigmund gestures wildly while chanting.
Sigmund flickers and vanishes!
Deactivating autopickup; reactivate with Ctrl-A.
You recover from your berserk rage.
You hit the goblin.
You kill the goblin!
Trog accepts your kill.
You have reached level 4!
You feel clever.
A red film seems to cover your vision as you go berserk!
You feel yourself moving faster!
You feel mighty!
You feel a strong urge to attack something.
Something hits you!
Things that are here:
a +0 club; a goblin corpse You barely miss something.
You miss something. Something hits you.
You miss something. Something hits you!
* * * LOW HITPOINT WARNING * * *
You closely miss something. You sock something! Something hits you!
You die...

.....................>.####.
#...............†.........
##......##...............#
##)###.##........#.######
#.. #)##..#..<.........
##.##.##..#############
.##.##..........
.##.##.######### ..#.##@#
#.#.##{# #.##.# #.##.# #.#
#.# #.# ..... #.# ..... #.#


There were no monsters in sight!

Vanquished Creatures
  Robin (D:2)
  A gnoll (D:1)
  2 bats (D:2)
  An endoplasm (D:2)
  A giant cockroach (D:2)
  8 goblins
  6 hobgoblins
  2 quokkas (D:2)
  2 ball pythons (D:1)
  4 frilled lizards (D:1)
  3 kobolds
  5 rats (D:1)
36 creatures vanquished.

Notes
Turn   | Place    | Note
-------+----------+-------------------------------------------
     0 | D:1      | crimpus the Gargoyle Berserker began the quest for the Orb.
     0 | D:1      | Reached XP level 1. HP: 14/14 MP: 1/1
   477 | D:1      | Reached XP level 2. HP: 19/19 MP: 2/2
   825 | D:1      | Reached XP level 3. HP: 18/24 MP: 3/3
   897 | D:1      | Found a faded altar of an unknown god.
  1310 | D:2      | Reached skill level 4 in Fighting
  1315 | D:2      | Identified the +7 spear of Calamity {freeze, Int-4 Dex+3
                  | Stlth+}
  1353 | D:2      | Noticed Robin
  1361 | D:2      | Reached ** piety under Trog
  1370 | D:2      | Killed Robin
  1382 | D:2      | Noticed Sigmund
  1404 | D:2      | Reached XP level 4. HP: 19/30 MP: 4/4
  1410 | D:2      | Slain by Sigmund

Illustrated notes

Levels and vault maps discovered:
D:1:      nzn_arrival_settlement, layout_basic,
          shapermc_ecumenical_altar_mp_ritualfount, grunt_decor_cap
D:2:      layout_basic, serial_shops, nicolae_shop_crystal, uniq_natasha,
          uniq_sigmund, uniq_robin

Skill      XL: |  1  2  3 |
---------------+----------+-----
Fighting       | 4 |  4.5
Maces & Flails | |  3.6
Armour         | |  2.6
Dodging        | |  1.5

Action                   |  1- 3 |  4- 6 || total
-------------------------+-------+-------++-------
Melee: Mace              |   109 |     5 ||   114
       Punch             |     1 |       ||     1
Invok: Berserk           |     2 |     1 ||     3
       Trog's Hand       |     1 |       ||     1
  Use: Potion            |     3 |       ||     3
Armor: Animal skin       |    44 |       ||    44
       Skin              |    16 |       ||    16
Dodge: Dodged            |    72 |       ||    72
